 Dungeon Crawl Stone Soup version 0.28.0-43-g3370ac3207 (webtiles) character file.

Game seed: 13767659284667412966

877 terff the Chopper (level 7, -2/64 HPs)
             Began as a Minotaur Fighter on Apr 1, 2022.
             Killed from afar by an electric eel (9 damage)
             ... with a bolt of electricity
             ... on level 6 of the Dungeon.
             The game lasted 00:09:54 (5809 turns).

terff the Chopper (Minotaur Fighter)                Turns: 5809, Time: 00:09:55

Health: -2/64      AC: 11    Str: 27    XL:     7   Next: 75%
Magic:  6/6        EV:  8    Int:  5    God:
Gold:   287        SH:  6    Dex: 11    Spells: 3/6 levels left

rFire   . . .      SeeInvis .   l - +2 hand axe (venom)
rCold   . . .      Faith    .   c - +1 buckler
rNeg    . . .      Spirit   .   r - +0 chain mail
rPois   .          Reflect  .   (helmet restricted)
rElec   .          Harm     .   (no cloak)
rCorr   .          Rampage  .   h - +0 pair of gloves
Will    .....                   (no boots)
Stlth   ..........              (no amulet)
HPRegen 0.20/turn               b - +6 ring of strength
MPRegen 0.10/turn               (no ring)

@: no status effects
A: horns 2, retaliatory headbutt
a: no special abilities


You were on level 6 of the Dungeon.
You visited 1 branch of the dungeon, and saw 6 of its levels.

You collected 287 gold pieces.

Inventory:

Hand Weapons
 l - a +2 hand axe of venom (weapon)
Missiles
 i - a throwing net (quivered)
Armour
 c - a +1 buckler (worn)
 h - a +0 pair of gloves (worn)
 r - a +0 chain mail (worn)
Jewellery
 b - a +6 ring of strength (left hand)
Wands
 k - a wand of mindburst (16)
 s - a wand of paralysis (8)
Scrolls
 a - a scroll of blinking
 m - a scroll of magic mapping
 q - 2 scrolls of identify
Potions
 d - 2 potions of might
 e - 6 potions of curing
 f - a potion of resistance
 g - a potion of brilliance
 j - a potion of heal wounds {unknown}
 n - a potion of mutation {unknown}
 o - 3 potions of haste
 p - a potion of attraction {unknown}


   Skills:
 + Level 6.6 Fighting
 + Level 6.9 Axes
 + Level 5.5 Armour
 + Level 2.0 Dodging
 + Level 0.6 Stealth
 + Level 4.8 Shields
 * Level 0.1 Spellcasting
 * Level 0.2 Translocations


You had 3 spell levels left.
You knew the following spells:

 Your Spells              Type           Power      Damage    Failure   Level
a - Teleport Other        Tloc           0%         N/A       100%        3

Your spell library contained the following spells:

 Spells                   Type           Power      Damage    Failure   Level
 Magic Dart               Conj           0%         1d3       98%         1
 Blink                    Tloc           0%         N/A       99%         2
 Corpse Rot               Necr/Air       0%         N/A       99%         2
 Searing Ray              Conj           0%         2d4       99%         2
 Sublimation of Blood     Necr           0%         N/A       99%         2
 Gell's Gravitas          Tloc           0%         N/A       100%        3
 Lesser Beckoning         Tloc           0%         N/A       100%        3
 Dispel Undead            Necr           0%         3d6       100%        4
 Fulminant Prism          Conj/Hex       0%         3d6       100%        4
 Petrify                  Tmut/Erth      0%         N/A       100%        4
 Irradiate                Conj/Tmut      0%         3d13      100%        5
 Manifold Assault         Tloc           0%         N/A       100%        5
 Death Channel            Necr           0%         N/A       100%        6
 Storm Form               Tmut/Air       0%         N/A       100%        7


Dungeon Overview and Level Annotations

Branches:
Dungeon (6/15)
 Temple: D:4-7

Altars:
Fedhas
Xom

Shops:
D:3 !   D:5 [


Innate Abilities, Weirdness & Mutations

You have a pair of horns on your head.
You reflexively headbutt those who attack you in melee.


Message History

The bolt of electricity hits you!
You hit the electric eel.
The electric eel is moderately wounded.
You slash the plant!
The plant is poisoned.
The electric eel shoots out a bolt of lightning at you!
The bolt of electricity hits you!
You closely miss the electric eel. Your headbutt misses the electric eel.
The electric eel is moderately wounded.
You hit the plant but do no damage.
The plant looks as sick as possible!
You closely miss the electric eel.
The electric eel is moderately wounded.
You hit the plant.
A nearby plant withers and dies.
The electric eel shoots out a bolt of lightning at you!
The bolt of electricity hits you.
You closely miss the electric eel. Your headbutt misses the electric eel.
The electric eel is moderately wounded.
You slash the electric eel!
The electric eel is poisoned.
The electric eel is almost dead.
The electric eel shoots out a bolt of lightning at you!
The bolt of electricity hits you.
The bolt of electricity hits the plant!
The plant begins to die.
You slash the electric eel!
You kill the electric eel!
The electric eel shoots out a bolt of lightning at you!
The bolt of electricity hits you!
* * * LOW HITPOINT WARNING * * *
You closely miss the electric eel. Your headbutt misses the electric eel.
The electric eel shoots out a bolt of lightning at you!
The bolt of electricity hits you.
* * * LOW HITPOINT WARNING * * *
An electric eel comes into view.
You slash the electric eel!
The electric eel is poisoned.
The electric eel is moderately wounded.
A nearby plant withers and dies.
The electric eel shoots out a bolt of lightning at you!
The bolt of electricity hits you.
* * * LOW HITPOINT WARNING * * *
The electric eel shoots out a bolt of lightning at you!
The bolt of electricity hits you!
You die...

$#.#. .....###
..#.... ♣♣
...♣≈♣♣♣## ..
P≈≈♣♣≈≈P≈≈≈≈# ..#
≈≈≈≈≈≈≈PP≈≈≈♣##..#
S≈≈≈≈≈S≈≈≈P≈P♣...#
.......@..........
≈≈≈≈≈P≈≈≈≈≈≈≈≈...#
P≈≈♣♣♣♣≈≈≈≈≈≈≈## ♣
♣≈≈≈≈P≈P♣##
....?♣≈♣≈≈.###.###
..#####.###........
#######.###.###.#.#
# .........>.#
#..########..###


You could see 2 electric eels.

Vanquished Creatures
  A sky beast (D:6)
  A centaur (D:5)
  A phantom (D:4)
  2 scorpions
  An electric eel (D:6)
  4 howler monkeys
  A jelly (D:5)
  An orc priest (D:6)
  4 iguanas
  7 adders
  An ufetubus (D:4)
  An adder skeleton (D:4)
  An adder zombie (D:5)
  4 worms
  9 orcs
  5 ball pythons
  9 endoplasms
  3 giant cockroaches
  2 goblins
  4 hobgoblins
  10 jackals
  2 quokkas (D:5)
  6 bats
  A frilled lizard (D:2)
  5 kobolds
  6 rats
92 creatures vanquished.

Vanquished Creatures (others)
  19 plants (D:6)
  6 toadstools (D:4)
25 creatures vanquished.

Grand Total: 117 creatures vanquished

Notes
Turn   | Place    | Note
-------+----------+-------------------------------------------
     0 | D:1      | terff the Minotaur Fighter began the quest for the Orb.
     0 | D:1      | Reached XP level 1. HP: 19/19 MP: 0/0
   360 | D:1      | You fall into a shaft and drop 1 floor!
   401 | D:2      | Reached XP level 2. HP: 10/27 MP: 1/1
   861 | D:2      | Reached XP level 3. HP: 33/33 MP: 2/2
  1003 | D:2      | Found a blossoming altar of Fedhas.
  1670 | D:1      | Reached XP level 4. HP: 41/41 MP: 3/3
  2622 | D:2      | Reached skill level 1 in Dodging
  2782 | D:3      | Found Umnodaf's Distillery.
  3669 | D:4      | Noticed a scorpion
  3675 | D:4      | Killed a scorpion
  3676 | D:4      | Reached XP level 5. HP: 41/47 MP: 4/4
  3899 | D:4      | Learned a level 3 spell: Teleport Other
  4055 | D:4      | Noticed a phantom
  4069 | D:4      | Killed a phantom
  4070 | D:4      | Reached skill level 5 in Armour
  4070 | D:4      | Reached XP level 6. HP: 24/55 MP: 5/5
  4262 | D:4      | Reached skill level 5 in Fighting
  4600 | D:5      | Entered Level 5 of the Dungeon
  4615 | D:5      | Reached skill level 5 in Axes
  5034 | D:5      | Found Dutethri's Antique Armour Shoppe.
  5070 | D:5      | Found a shimmering altar of Xom.
  5167 | D:5      | Reached XP level 7. HP: 37/63 MP: 6/6
  5809 | D:6      | Killed from afar by an electric eel

Illustrated notes

Levels and vault maps discovered:
D:1:      doesnt_arrival_eight_statues, layout_basic
D:2:      layout_loops_corners, basic_altar, minmay_puff
D:3:      cheibrodos_helix_gallery, layout_rooms, serial_shops, shop,
          kennysheep_another_room, minmay_quadrilaterals
D:4:      layout_loops_ring, minmay_gold_behind_fungi
D:5:      layout_rooms, xom_redecorated, serial_shops, shop
D:6:      layout_loops_ring, ebering_ghost_disaster_area, serial_bayou,
          serial_bayou_pond_b, serial_bayou_lagoon_b, serial_bayou_lake_a,
          serial_bayou_pond_d, lightli_church_of_beogh, uniq_prince_ribbit1,
          uniq_grinder

Skill      XL: |  1  2  3  4  5  6  7 |
---------------+----------------------+-----
Fighting       | 4 6 |  6.6
Armour         | 4 5 |  5.5
Axes           | 3 4 5 6 |  6.9
Shields        | 4 |  4.8
Dodging        | 1 2 |  2.0
Stealth        | |  0.6
Spellcasting   | |  0.1
Translocations | |  0.2

Action                   |  1- 3 |  4- 6 |  7- 9 || total
-------------------------+-------+-------+-------++-------
Melee: War axe           |    74 |    54 |       ||   128
       Headbutt          |    11 |    16 |     9 ||    36
       Hand axe          |       |    67 |    53 ||   120
  Use: Scroll            |       |    12 |       ||    12
Armor: Scale mail        |    48 |    76 |       ||   124
       Chain mail        |       |       |    16 ||    16
Dodge: Dodged            |    40 |    63 |     7 ||   110
Block: Buckler           |    21 |    33 |    10 ||    64
